 Dungeon Crawl Stone Soup version 0.23.2 (webtiles) character file.

Game seed: 10064854556842326509

753 Borgoz the Cutter (level 8, 0/49 HPs)
             Began as a Kobold Fighter on Apr 12, 2019.
             Was an Initiate of Ashenzari.
             Slain by a crimson imp (3 damage)
             ... on level 5 of the Dungeon.
             The game lasted 00:06:27 (4688 turns).

Borgoz the Cutter (Kobold Fighter)                  Turns: 4688, Time: 00:06:28

Health: 0/49       AC:  5    Str: 15    XL:     8   Next: 6%
Magic:  8/8        EV: 15    Int: 16    God:    Ashenzari [......]
Gold:   137        SH:  0    Dex: 15    Spells: 7/7 levels left

rFire    . . .     SeeInvis .   j - +0 dagger (elec)
rCold    . . .     Gourm    .   (shield restricted)
rNeg     . . .     Faith    .   b - +0 scale mail
rPois    .         Spirit   .   (no helmet)
rElec    .         Reflect  .   w - scarf {repulsion}
rCorr    .         Harm     .   y - +0 pair of gloves
MR       .....                  (no boots)
Stlth    ++........             (no amulet)
HPRegen  0.16/turn              r - +1 ring of evasion
MPRegen  0.11/turn              (no ring)

@: brilliant, flying, hasted, repel missiles, very quick
A: small, carnivore, clever 1, deformed body, MP-powered wands
a: Curse Item, Renounce Religion


You were on level 5 of the Dungeon.
You worshipped Ashenzari.
Ashenzari was noncommittal.
You were very full.

You visited 2 branches of the dungeon, and saw 7 of its levels.

You collected 137 gold pieces.

Inventory:

Hand Weapons
 a - a +0 rapier
 j - a +0 dagger of electrocution (weapon)
Armour
 b - a +0 scale mail (worn)
 w - a scarf of repulsion (worn)
 x - a +0 scale mail of fire resistance
 y - a +0 pair of gloves (worn)
Jewellery
 r - a +1 ring of evasion (left hand)
Scrolls
 c - 2 scrolls of random uselessness {unknown}
 e - 4 scrolls of magic mapping {unknown}
 g - a scroll of fear {unknown}
 i - 2 scrolls of enchant armour {unknown}
 k - 3 scrolls of identify {unknown}
 m - 2 scrolls of remove curse
 n - 2 scrolls of teleportation {unknown}
 o - a scroll of immolation {unknown}
 p - 2 scrolls of fog {unknown}
 s - a scroll of blinking {unknown}
Potions
 h - a potion of lignification
 v - a potion of haste
Comestibles
 f - 6 rations


   Skills:
 + Level 5.2 Fighting
 + Level 5.4 Short Blades
 + Level 3.9 Armour
 + Level 4.2 Dodging
 + Level 5.1 Stealth
   Level 2.4 Shields


You had 7 spell levels left.
You didn't know any spells.
Your spell library contained the following spells:

 Spells                   Type           Power        Failure   Level  Hunger
 Magic Dart               Conj           #...         11%         1    ##.....
 Blink                    Tloc           N/A          14%         2    ###....
 Call Imp                 Summ           #.......     14%         2    ###....
 Slow                     Hex            #.......     14%         2    ###....
 Conjure Flame            Conj/Fire      #.......     26%         3    ####...
 Mephitic Cloud           Conj/Pois/Air  #.......     26%         3    ####...


Dungeon Overview and Level Annotations

Branches:
Dungeon (6/15)             Temple (1/1) D:6

Altars:
Ashenzari
Cheibriados
Gozag
Hepliaklqana
Kikubaaqudgha
Makhleb
Nemelex Xobeh
Okawaru
Qazlal
Ru
Sif Muna
Uskayaw
Vehumet
Wu Jian
Xom
Zin


Innate Abilities, Weirdness & Mutations

You are small and have problems with some larger weapons.
You are carnivorous and can eat meat at any time.
Your mind is acute. (Int +2)
Armour fits poorly on your strangely shaped body.
You expend magic power (3 MP) to strengthen your wands.


Message History

You feel your magical essence link to your wands.
The orc warrior hits you with a +0 scimitar!
* * * LOW HITPOINT WARNING * * *
It was a potion of haste.
You feel yourself speed up.
The orc warrior hits you with a +0 scimitar.
* * * LOW HITPOINT WARNING * * *
Found a curved ivory wand.
A bullfrog comes into view.
A ball python comes into view.
The bullfrog croaks.
The bullfrog barely misses you.
A scorpion comes into view.
The bullfrog misses you. The scorpion completely misses you.
There is a stone staircase leading up here.
Okay, then.
You fly upwards.
The leopard gecko hisses angrily.
You hear a shout!
The crimson imp hits you.
You die...

# ..(# ..#.. .l.##.# ..
.... #.....##...
#...##.....#..........
###............... .....
..........##..... ......
.......#..#....##..##...
#....#.......##.##....
#....@5.c....#..#.....
#...(.s(..............
#...(...(....#........
...(..$)$#....##........
..#...........##.#....##
. #...................#.
#.##>.....###.....####
#. #....... ##....# #
#......... #.#### #


You could see a centaur, a scorpion, a crimson imp and a leopard gecko.

Vanquished Creatures
  A phantom (D:6)
  An ogre (D:4)
  A bullfrog (D:3)
  A howler monkey (D:5)
  A crimson imp (D:5)
  A jelly (D:6)
  Crazy Yiuf (D:2)
  A bullfrog skeleton (D:4)
  A hound (D:4)
  An orc wizard (D:4)
  Jessica (D:2)
  5 worker ants
  A hound zombie (D:6)
  4 adders
  A shadow imp (D:6)
  An ooze (D:3)
  An adder skeleton (D:4)
  2 worms (D:2)
  2 dart slugs
  2 leopard geckos
  6 orcs
  2 ball pythons
  A bat zombie (D:1)
  4 giant cockroaches
  5 goblins
  9 hobgoblins
  2 jackals (D:1)
  2 quokkas
  8 bats
  3 frilled lizards
  A jackal zombie (D:5)
  7 kobolds
  A leopard gecko zombie (D:1)
  A quokka skeleton (D:4)
  10 rats
92 creatures vanquished.

Vanquished Creatures (others)
  A hobgoblin (D:3)
1 creature vanquished.

Grand Total: 93 creatures vanquished

Notes
Turn   | Place    | Note
-------+----------+-------------------------------------------
     0 | D:1      | Borgoz the Kobold Fighter began the quest for the Orb.
     0 | D:1      | Reached XP level 1. HP: 14/14 MP: 1/1
   150 | D:1      | Reached XP level 2. HP: 5/19 MP: 2/2
   559 | D:1      | Reached skill level 1 in Stealth
   678 | D:1      | Reached skill level 1 in Dodging
   774 | D:1      | Reached XP level 3. HP: 23/23 MP: 3/3
  1126 | D:2      | Noticed Jessica
  1428 | D:2      | Killed Jessica
  1428 | D:2      | Reached XP level 4. HP: 29/29 MP: 4/4
  1509 | D:2      | Found a snail-covered altar of Cheibriados.
  2084 | D:2      | Found a runed translucent door.
  2085 | D:2      | Noticed Crazy Yiuf
  2182 | D:2      | Killed Crazy Yiuf
  2182 | D:2      | Reached XP level 5. HP: 13/33 MP: 0/5
  2549 | D:3      | Found a radiant altar of Vehumet.
  2818 | D:3      | Noticed a bullfrog
  2836 | D:3      | Killed a bullfrog
  2836 | D:3      | Reached XP level 6. HP: 17/38 MP: 6/6
  3369 | D:4      | Noticed an ogre
  3377 | D:4      | Killed an ogre
  3377 | D:4      | Reached XP level 7. HP: 37/44 MP: 7/7
  3574 | D:4      | Found a sparkling altar of Nemelex Xobeh.
  3661 | D:4      | Found a hazy altar of Hepliaklqana.
  3934 | D:5      | Entered Level 5 of the Dungeon
  3973 | D:5      | Reached skill level 5 in Short Blades
  4114 | D:6      | Reached skill level 5 in Fighting
  4116 | D:6      | Found a staircase to the Ecumenical Temple.
  4122 | Temple   | Entered the Ecumenical Temple
  4167 | Temple   | Became a worshipper of Ashenzari the Shackled
  4540 | D:6      | Reached skill level 5 in Stealth
  4540 | D:6      | Reached XP level 8. HP: 38/49 MP: 8/8
  4668 | D:6      | Gained mutation: Your mind is acute. (Int +2) [potion of
                  | mutation]
  4668 | D:6      | Gained mutation: Armour fits poorly on your strangely
                  | shaped body. [potion of mutation]
  4668 | D:6      | Gained mutation: You expend magic power (3 MP) to
                  | strengthen your wands. [potion of mutation]
  4669 | D:6      | HP: 1/49 [orc warrior/+0 scimitar (4)]
  4688 | D:5      | Slain by a crimson imp

Skill      XL: |  1  2  3  4  5  6  7 |
---------------+----------------------+-----
Stealth        | 1 2 3 4 5 |  5.1
Short Blades   | 3 4 5 |  5.4
Dodging        | 1 2 3 4 |  4.2
Fighting       | 4 5 |  5.2
Armour         | 3 |  3.9
Shields        | |  2.4

Action                   |  1- 3 |  4- 6 |  7- 9 || total
-------------------------+-------+-------+-------++-------
Melee: Rapier            |    55 |       |       ||    55
       Dagger            |    30 |   139 |   125 ||   294
  Use: Potion            |       |     5 |     6 ||    11
 Stab: Sleeping          |       |     1 |     1 ||     2
  Eat: Chunk             |    10 |     5 |     4 ||    19
Armor: Scale mail        |    29 |    41 |    26 ||    96
       Skin              |       |     7 |       ||     7
Dodge: Dodged            |    37 |    76 |    71 ||   184
       Deflected         |       |       |     5 ||     5
